 Dungeon Crawl Stone Soup version 0.30-a0-743-gbfdf073431 (webtiles) character file.

Game seed: 5167497169491099885

47 nvknbk the Shield-Bearer (level 3, -4/33 HPs)
             Began as a Minotaur Fighter on Feb 7, 2023.
             Slain by a gnoll
             ... wielding the +1 mace of Wuwi {flame, Fly Dex+3}
              (6 damage)
             ... on level 2 of the Dungeon.
             The game lasted 00:01:47 (637 turns).

nvknbk the Shield-Bearer (Minotaur Fighter)          Turns: 637, Time: 00:01:48

Health: -4/33      AC:  8    Str: 22    XL:     3   Next: 48%
Magic:  2/2        EV:  9    Int:  5    God:
Gold:   42         SH:  4    Dex:  9    Spells: 2/2 levels left

rFire   . . .      SeeInvis .    a - +1 war axe
rCold   . . .      Faith    .    c - +0 buckler
rNeg    . . .      Spirit   .    b - +1 scale mail
rPois   .          Reflect  .    (helmet restricted)
rElec   .          Harm     .    (no cloak)
rCorr   .          Rampage  .    (no gloves)
Will    .....                    (no boots) Stlth
                                 (no amulet)
HPRegen 0.25/turn                (no ring)
MPRegen 0.08/turn                (no ring)

@: mighty
A: horns 2, retaliatory headbutt
a: no special abilities


You were on level 2 of the Dungeon.
You visited 1 branch of the dungeon, and saw 2 of its levels.

You collected 42 gold pieces.

Inventory:

Hand Weapons
 a - a +1 war axe (weapon)
Armour
 b - a +1 scale mail (worn)
 c - a +0 buckler (worn)
Scrolls
 i - a scroll of enchant armour
Potions
 e - a potion of curing
 f - a potion of flight {unknown}
 h - a potion of attraction {unknown}


   Skills:
 + Level 4.0 Fighting
 + Level 3.0 Axes
 + Level 4.0 Armour
 + Level 1.3 Dodging
 + Level 4.0 Shields


You had 2 spell levels left.
You didn't know any spells.
Your spell library was empty.

Dungeon Overview and Level Annotations

Branches:
Dungeon (2/15)

Altars:


Innate Abilities, Weirdness & Mutations

You have a pair of horns on your head.
You reflexively headbutt those who attack you in melee.


Message History

Things that are here:
a +0 club; a kobold corpse Unknown command.
You hit the gnoll but do no damage. You closely miss the gnoll.
You slash the gnoll! The gnoll hits you but does no damage.
The gnoll hits you with a +0 club. You block the gnoll's attack. x2
The gnoll hits you with a +0 spear.
The gnoll hits you with the +1 mace of Wuwi {flame, Fly Dex+3}!
The gnoll burns you.
You hit the gnoll but do no damage. You headbutt the gnoll!
The gnoll is almost dead.
You barely miss the gnoll. x2; The gnoll hits you but does no damage. x2
The gnoll hits you with the +1 mace of Wuwi {flame, Fly Dex+3}.
* * * LOW HITPOINT WARNING * * *
The gnoll burns you.
* * * LOW HITPOINT WARNING * * *
An adder comes into view.
Unknown command.
Unknown command.
You are too injured to fight recklessly!
You are too injured to fight recklessly!
You are too injured to fight recklessly!
Unknown command.
Unknown command.
You are too injured to fight recklessly!
Unknown command.
You are too injured to fight recklessly!
You feel better.
The adder hisses angrily.
The gnoll hits you with a +0 spear.
The gnoll hits you with the +1 mace of Wuwi {flame, Fly Dex+3}!
* * * LOW HITPOINT WARNING * * *
The gnoll burns you.
* * * LOW HITPOINT WARNING * * *
The gnoll completely misses you.
You feel very mighty all of a sudden. The gnoll hits you with a +0 club.
* * * LOW HITPOINT WARNING * * *
The gnoll hits you with the +1 mace of Wuwi {flame, Fly Dex+3}.
You die...

#..8...8###...).##
#........#.....#.#
#........#.....###
..........#.#.....##
##.................+
..........#.#.....##
##.........#.....##
##........#.....#.#
#..8...8###@gJ..#
#....8...#.gg..#.#
.........#......##
....... #.........
.#........
.#.#....... # #
#...... #.....


You could see 3 gnolls and an endoplasm.

Vanquished Creatures
  A gnoll (D:2)
  3 endoplasms
  3 giant cockroaches (D:1)
  7 goblins
  4 hobgoblins (D:1)
  A quokka (D:1)
  A ball python (D:1)
  3 bats
  6 kobolds
  6 rats (D:1)
35 creatures vanquished.

Notes
Turn   | Place    | Note
-------+----------+-------------------------------------------
     0 | D:1      | nvknbk the Minotaur Fighter began the quest for the Orb.
     0 | D:1      | Reached XP level 1. HP: 19/19 MP: 0/0
    50 | D:1      | Reached XP level 2. HP: 27/27 MP: 1/1
   158 | D:1      | Reached skill level 1 in Dodging
   384 | D:1      | Reached XP level 3. HP: 30/33 MP: 2/2
   457 | D:1      | Found a faded altar of an unknown god.
   629 | D:2      | Identified the +1 mace of Wuwi {flame, Fly Dex+3}
   637 | D:2      | Slain by a gnoll

Illustrated notes

Levels and vault maps discovered:
D:1:      roderic_octagonal_star, layout_rooms, ebering_ecumenical_altar_ruins
D:2:      wad_pebble_path, layout_loops_corners

Skill      XL: |  1  2  3 |
---------------+----------+-----
Dodging        | 1 |  1.3
Shields        | 4 |  4.0
Armour         | 4 |  4.0
Fighting       | 4 |  4.0
Axes           | 3 |  3.0

Action                     || total
---------------------------++-------
  Melee: War axe           ||    62
         Headbutt          ||     4
    Use: Scroll            ||     6
         Potion            ||     2
 Armour: Scale mail        ||    30
  Dodge: Dodged            ||    38
  Block: Buckler           ||    14

Table legend: (Time is in decaauts)
 A = Elapsed time spent in this place.
 B = Non-inter-level travel time spent in this place.
 C = Inter-level travel time spent in this place.
 D = Time resting spent in this place.
 E = Time spent auto-exploring this place.
 F = Levels seen in this place.
 G = Mean time per level.
                   A        B        C        D        E       F      G
               +--------+--------+--------+--------+--------+-----+--------+
         Total |    661 |    642 |     19 |      0 |    466 |   2 |  330.5 |
       Dungeon |    661 |    642 |     19 |      0 |    466 |   2 |  330.5 |
               +--------+--------+--------+--------+--------+-----+--------+

Top non-repeatable levels by time:
     D:1: 517 daAuts
     D:2: 144 daAuts
